 Dungeon Crawl Stone Soup version 0.17.1-1-g73c8601 (webtiles) character file.

528 ImaNewbie the Chopper (level 7, -13/52 HPs)
             Began as a Formicid Fighter on Jan 4, 2016.
             Mangled by Edmund
             ... wielding a +5 dire flail of holy wrath
              (15 damage)
             ... on level 3 of the Dungeon.
             The game lasted 00:22:23 (3276 turns).

ImaNewbie the Chopper (Formicid Fighter)            Turns: 3276, Time: 00:22:23

Health: -13/52     AC:  9    Str: 28    XL:     7   Next: 48%
Magic:  16/16      EV:  8    Int:  7    God:
Gold:   193        SH: 10    Dex: 10    Spells: 0 memorised, 6 levels left

rFire  . . .     SeeInvis +     w - +0 broad axe
rCold  . . .     Clarity  .     a - +3 ring mail
rNeg   . . .     SustAt   .     c - +0 shield
rPois  +         Gourm    .     (helmet unavailable)
rElec  .         Spirit   .     q - +0 cloak
rCorr  .         Warding  .     (no gloves)
rMut   .         Stasis   +     (no boots)
MR     .....                    (no amulet)
Stlth  ..........               g - ring of magical power
                                y - ring of poison resistance

@: mighty, not resistant to hostile enchantments, extremely unstealthy
A: permanent stasis, dig shafts and tunnels, four strong arms, antennae 3
a: Dig, Shaft Self


You were on level 3 of the Dungeon.
You were not hungry.

You visited 1 branch of the dungeon, and saw 4 of its levels.
You also visited: Sewer.

You collected 193 gold pieces.

Inventory:

Hand Weapons
 w - a +0 broad axe (weapon)
Missiles
 l - 7 needles of sleeping
Armour
 a - a +3 ring mail (worn)
 c - a +0 shield (worn)
 q - a +0 cloak (worn)
Jewellery
 f - an uncursed ring of stealth
 g - a ring of magical power (right hand)
 y - a ring of poison resistance (left hand)
Scrolls
 h - 5 scrolls of identify {unknown}
 i - 5 scrolls of remove curse
 n - a scroll of fear {unknown}
 v - a scroll of recharging
Potions
 b - a potion of berserk rage {unknown}
 d - 2 potions of might
 j - a potion of haste {unknown}
 k - a potion of degeneration {unknown}
 m - a potion of curing {unknown}
 p - a potion of agility
 t - a potion of lignification {unknown}
Books
 o - a book of Hinderance

   Spells                             Type                      Level
   a - Confusing Touch                Hexes                        2
   b - Confuse                        Hexes                        3
   c - Gell's Gravitas                Hexes/Translocation          3
   d - Petrify                        Transmutation/Earth          4
   e - Metabolic Englaciation         Hexes/Ice                    5
Comestibles
 e - 3 bread rations
 r - 2 royal jellies
 s - 2 slices of pizza
 x - a meat ration


   Skills:
 - Level 3.3 Fighting
 + Level 7.6 Axes
 - Level 3.3 Armour
 - Level 3.7 Shields


You had 6 spell levels left.
You didn't know any spells.

Dungeon Overview and Level Annotations

Branches:
Dungeon (4/15)
 Temple: D:4-7

Altars:
Nemelex Xobeh
Ru

Annotations:
D:3 exclusion: downstairs, Edmund
D:4 Menkaure


Innate Abilities, Weirdness & Mutations

You are under a permanent stasis effect.
You can dig through walls and to a lower floor.
Your four strong arms can wield two-handed weapons with a shield.
You have a pair of large antennae on your head (SInv).


Message History

You block Edmund's attack.
You hit Edmund.
Edmund is lightly wounded.
Edmund hits you with a dire flail of holy wrath!
* * * LOW HITPOINT WARNING * * *
You barely miss Edmund.
Edmund is lightly wounded.
Edmund hits you with a dire flail of holy wrath!
* * * LOW HITPOINT WARNING * * *
You slash Edmund!
Edmund is heavily wounded.
Edmund hits you but does no damage.
You closely miss Edmund.
Edmund is heavily wounded.
Edmund closely misses you.
You are too injured to fight recklessly!
You barely miss Edmund.
Edmund is heavily wounded.
Edmund hits you with a dire flail of holy wrath!
You die...

#################
##....#..........#
#...#....>.......#
#...###..........#
#...# #..........#
##...###.....†....#
##.....##..........#
#...@...#..........#
##....@..##.........#
###
#≈≈≈....≈≈#.........#
..##
#≈≈≈.≈≈≈≈.####.######
...# ###≈≈≈≈≈≈≈≈≈#
##.# ### ...#
#.##≈≈≈≈≈≈≈## #..#
#.. ...# #..#≈≈≈≈≈≈≈#
#.## #.. ..##
#..##≈≈≈≈≈## ##.# #..
...# #...#######
#..######..


You could see Edmund.

Vanquished Creatures
  An ogre (D:4)
  A crocodile (Sewer)
  Crazy Yiuf (D:2)
  Jessica (D:3)
  A giant frog skeleton (D:3)
  Terence (D:3)
  3 worker ants (D:4)
  3 gnolls (D:2)
  8 adders
  5 worms
  5 giant geckos
  7 orcs (D:3)
  10 bats
  7 giant cockroaches
  5 hobgoblins
  8 jackals (D:2)
  3 kobolds (D:1)
  A ball python (D:3)
  7 giant newts
  2 goblins (D:1)
  7 rats
87 creatures vanquished.

Notes
Turn   | Place    | Note
--------------------------------------------------------------
     0 | D:1      | ImaNewbie the Formicid Fighter began the quest for the Orb.
     0 | D:1      | Reached XP level 1. HP: 18/18 MP: 1/1
   114 | D:1      | Reached XP level 2. HP: 10/24 MP: 2/2
   745 | D:2      | Reached XP level 3. HP: 29/29 MP: 3/3
   997 | D:2      | Reached XP level 4. HP: 30/35 MP: 4/4
  1007 | D:2      | Noticed Crazy Yiuf
  1014 | D:2      | Killed Crazy Yiuf
  1014 | D:2      | Reached skill level 4 in Axes
  1604 | D:2      | Reached XP level 5. HP: 37/41 MP: 5/5
  1614 | D:2      | Reached skill level 5 in Axes
  1815 | D:3      | Noticed Jessica
  1817 | D:3      | Killed Jessica
  1935 | D:3      | Noticed Terence
  1958 | D:3      | Killed Terence
  1958 | D:3      | Reached XP level 6. HP: 37/47 MP: 6/6
  2174 | D:3      | Reached skill level 6 in Axes
  2498 | D:4      | Noticed Menkaure
  2664 | D:4      | Reached skill level 7 in Axes
  2664 | D:4      | Reached XP level 7. HP: 9/52 MP: 7/7
  2751 | D:4      | Found a glowing drain.
  2795 | Sewer    | Entered a sewer
  3187 | D:4      | Found a sacrificial altar of Ru.
  3246 | D:4      | Found a sparkling altar of Nemelex Xobeh.
  3258 | D:4      | Noticed Edmund
  3273 | D:3      | HP: 1/52 [Edmund/dire flail of holy wrath (10)]
  3276 | D:3      | Mangled by Edmund

Action                   |  1- 3 |  4- 6 |  7- 9 || total
-------------------------+-------+-------+-------++-------
Melee: War axe           |   108 |   123 |       ||   231
       Broad axe         |       |    49 |    40 ||    89
  Use: Scroll            |       |       |     4 ||     4
       Potion            |       |       |     1 ||     1
  Eat: Chunk             |       |     6 |     2 ||     8
